 Dungeon Crawl Stone Soup version 0.26-a0-771-g060e6a6 (webtiles) character file.

Game seed: 17884917752341033009

754 MrTaco21 the Basher (level 7, -8/41 HPs)
             Began as a Gargoyle Fighter on Nov 8, 2020.
             Mangled by a gnoll
             ... wielding a +0 halberd of distortion
              (13 damage)
             ... on level 6 of the Dungeon.
             The game lasted 00:08:01 (4833 turns).

MrTaco21 the Basher (Gargoyle Fighter)              Turns: 4833, Time: 00:08:01

Health: -8/41      AC: 16    Str: 22    XL:     7   Next: 79%
Magic:  7/7        EV:  5    Int:  8    God:
Gold:   282        SH:  9    Dex:  9    Spells: 6/6 levels left

rFire    . . .     SeeInvis .   q - +0 whip (venom)
rCold    . . .     Faith    .   c - +0 kite shield
rNeg     + . .     Spirit   .   u - +0 chain mail
rPois    ∞         Reflect  .   (no helmet)
rElec    +         Harm     .   y - scarf {shadows}
rCorr    .         Rampage  .   (no gloves)
MR       .....                  A - +1 pair of boots
Stlth    ..........             (no amulet)
HPRegen  0.13/turn              h - ring of stealth
MPRegen  0.10/turn              (no ring)

@: no status effects
A: negative energy resistance 1, electricity resistance, unbreathing,
petrification resistance, rot immunity, AC +4
a: no special abilities


You were on level 6 of the Dungeon.
You visited 2 branches of the dungeon, and saw 7 of its levels.

You collected 282 gold pieces.

Inventory:

Hand Weapons
 q - a +0 whip of venom (weapon)
   (You found it on level 2 of the Dungeon)
Missiles
 w - 6 poisoned darts (quivered)
Armour
 c - a +0 kite shield (worn)
 l - a +0 pair of boots
   (You found it on level 1 of the Dungeon)
 u - a +0 chain mail (worn)
   (You found it on level 2 of the Dungeon)
 y - a scarf of shadows (worn)
   (You found it on level 4 of the Dungeon)
 A - a +1 pair of boots (worn)
   (You found it on level 5 of the Dungeon)
Jewellery
 h - a ring of stealth (left hand)
   (You found it on level 1 of the Dungeon)
Scrolls
 b - 2 scrolls of noise {unknown}
 e - 7 scrolls of remove curse {unknown}
 f - 4 scrolls of identify {unknown}
 g - a scroll of immolation {unknown}
 j - 2 scrolls of blinking {unknown}
 k - a scroll of amnesia {unknown}
 m - 3 scrolls of enchant armour {unknown}
 o - 4 scrolls of teleportation {unknown}
 p - a scroll of enchant weapon {unknown}
 s - 3 scrolls of fear {unknown}
 z - a scroll of fog {unknown}
Potions
 a - a potion of heal wounds {unknown}
 d - a potion of might
 i - 2 potions of flight {unknown}
 n - 4 potions of curing {unknown}
 r - a potion of attraction {unknown}
 t - 2 potions of invisibility {unknown}
 v - a potion of cancellation {unknown}
 x - a potion of brilliance {unknown}
 B - a potion of degeneration {unknown}


   Skills:
 - Level 3.2 Fighting
 + Level 8.6 Maces & Flails
 - Level 3.2 Armour
 - Level 3.2 Shields


You had 6 spell levels left.
You didn't know any spells.
Your spell library was empty.

Dungeon Overview and Level Annotations

Branches:
Dungeon (6/15)             Temple (1/1) D:4

Altars:
Ashenzari
Cheibriados
Elyvilon
Fedhas
Gozag
Hepliaklqana
Kikubaaqudgha
Nemelex Xobeh
Qazlal
Ru
Sif Muna
Trog
Uskayaw
Vehumet
Xom
Yredelemnul
Zin
The Shining One

Shops:
D:4 *!(}}


Innate Abilities, Weirdness & Mutations

You are resistant to torment.
Your stone body is resilient. (AC +4)
You are immune to poison.
You resist negative energy. (rN+)
You are resistant to electric shocks. (rElec)
You can survive without breathing.
You are immune to petrification.
You are immune to rotting.


Message History

A leopard gecko comes into view.
The leopard gecko hisses angrily.
A leopard gecko is nearby!
The leopard gecko bites you but does no damage.
You closely miss the leopard gecko.
The leopard gecko bites you but does no damage.
Your shield prevents you from hitting the leopard gecko.
The leopard gecko bites you.
You hit the leopard gecko.
The leopard gecko is poisoned.
You miss the leopard gecko.
The leopard gecko bites you but does no damage.
You whack the leopard gecko!
You kill the leopard gecko!
No target in view!
No target in view!
No target in view!
No target in view!
No target in view!
No target in view!
No target in view!
No target in view!
No target in view!
Found a rapier.
Found 15 stones.
Found a potion of resistance.
You see here 15 stones.
An ooze and 4 gnolls come into view.
A gnoll is wielding a +0 halberd of distortion and carrying a wand of flame (15).
The gnoll shouts! x4
The ooze quivers.
You see here 15 stones.
The gnoll drinks a potion.
The gnoll goes berserk!
The gnoll hits you with a +0 halberd of distortion.
You blink.
You block the gnoll's attack.
You hit the gnoll.
The gnoll is poisoned.
You whack the gnoll!
The gnoll hits you with a +0 halberd of distortion!
Space bends around you.
The gnoll hits you with a +0 halberd of distortion.
Space warps horribly around you!
* * * LOW HITPOINT WARNING * * *
Unknown command.
The gnoll rages.
The gnoll closely misses you. The gnoll hits you but does no damage.
Space warps horribly around you!
* * * LOW HITPOINT WARNING * * *
The gnoll hits you with a +0 halberd of distortion!
You die...

.....)........+.........+
##.........####
#.........# #.........#
#.........# #.........#
#.........####
#.........#..
#........@#.# g.##.
#........g#.###.#.g...
#####.............g.g
#######g##### .. #J# .#
#.######.# #.J.gJ.g.#
########!# .#


You could see 2 gnolls and an ooze.

Vanquished Creatures
  2 scorpions
  A howler monkey (D:4)
  A hound (D:5)
  2 orc priests
  Terence (D:3)
  Jessica (D:3)
  A bullfrog skeleton (D:6)
  3 worker ants
  5 orc wizards
  7 adders
  A shadow imp (D:6)
  2 white imps
  2 oozes
  6 worms
  A dart slug (D:3)
  6 leopard geckos
  20 orcs
  4 giant cockroaches
  11 goblins
  11 hobgoblins
  9 jackals
  A ball python (D:4)
  7 bats
  7 frilled lizards
  6 kobolds
  10 rats
128 creatures vanquished.

Vanquished Creatures (others)
  5 dream sheep (D:3)
  21 fungi (D:4)
26 creatures vanquished.

Grand Total: 154 creatures vanquished

Notes
Turn   | Place    | Note
-------+----------+-------------------------------------------
     0 | D:1      | MrTaco21 the Gargoyle Fighter began the quest for the Orb.
     0 | D:1      | Reached XP level 1. HP: 14/14 MP: 1/1
    33 | D:1      | Reached XP level 2. HP: 18/19 MP: 2/2
   112 | D:1      | Reached skill level 3 in Maces & Flails
   274 | D:1      | Reached XP level 3. HP: 23/23 MP: 3/3
   794 | D:2      | Reached skill level 4 in Maces & Flails
   913 | D:2      | Reached XP level 4. HP: 28/28 MP: 4/4
  1117 | D:2      | Reached skill level 5 in Maces & Flails
  1117 | D:2      | Reached XP level 5. HP: 30/32 MP: 5/5
  1938 | D:3      | Noticed Jessica
  1945 | D:3      | Killed Jessica
  2059 | D:3      | Reached skill level 6 in Maces & Flails
  2224 | D:3      | Reached XP level 6. HP: 37/37 MP: 6/6
  2229 | D:3      | Noticed a dream sheep
  2229 | D:3      | Noticed a dream sheep
  2229 | D:3      | Noticed a dream sheep
  2229 | D:3      | Noticed a dream sheep
  2229 | D:3      | Noticed a dream sheep
  2229 | D:3      | Found a shimmering altar of Xom.
  2231 | D:3      | Noticed Terence
  2235 | D:3      | Killed a dream sheep
  2235 | D:3      | Killed a dream sheep
  2235 | D:3      | Killed a dream sheep
  2235 | D:3      | Killed a dream sheep
  2237 | D:3      | Killed a dream sheep
  2262 | D:3      | Killed Terence
  3186 | D:4      | Reached skill level 7 in Maces & Flails
  3289 | D:4      | Found Yjetira's Gadget Shoppe.
  3357 | D:4      | Found Dunat's Weapon Emporium.
  3411 | D:4      | Found Nyloesh's General Store.
  3454 | D:4      | Reached XP level 7. HP: 41/41 MP: 7/7
  3455 | D:4      | Found a staircase to the Ecumenical Temple.
  3480 | D:4      | Found Optudyov's Distillery.
  3489 | Temple   | Entered the Ecumenical Temple
  3744 | D:4      | Found Luwnonn's Gadget Emporium.
  4083 | D:5      | Entered Level 5 of the Dungeon
  4181 | D:5      | Reached skill level 8 in Maces & Flails
  4296 | D:5      | Found a broken altar of Ashenzari.
  4563 | D:5      | Found a blossoming altar of Fedhas.
  4567 | D:5      | Found an ancient bone altar of Kikubaaqudgha.
  4833 | D:6      | Mangled by a gnoll

Illustrated notes

Levels and vault maps discovered:
D:1:      psy_arrival_terrarium, layout_basic
D:2:      minmay_thinvault, layout_loops_ring
D:3:      layout_basic, kb_xom_exploding_sheep, minmay_misc_feat_four_crosses,
          uniq_jessica, uniq_terence
D:4:      layout_loops_cross, minmay_temple_entry_tees, serial_shops, shop,
          nicolae_shop_statue_plus, shop_fountains, nicolae_shop_behind_doors,
          kennysheep_mini_moat, serial_aquarium, aquarium_bridge_island_small
          [aquarium_subvault_small_open, aquarium_subvault_window,
          aquarium_subvault_window, aquarium_subvault_bridge,
          aquarium_subvault_bridge], aquarium_bridge_long_joined
          [aquarium_subvault_window, aquarium_subvault_wall,
          aquarium_subvault_bridge, aquarium_subvault_window,
          aquarium_subvault_bridge, aquarium_subvault_wall], aquarium_window_2,
          aquarium_window_corridor_3, aquarium_view_2c, aquarium_view_2c,
          aquarium_balcony_3b, minmay_misc_feat_five
D:5:      layout_gridville, lemuel_round_altar, kennysheep_mini,
          chequers_serial_rivers_micro_c, minmay_misc_feat_tiny, fedhas_altar_2
D:6:      layout_loops_corners, lemuel_crystal_altar, gammafunk_ghost_smash,
          uniq_duvessa
Temple:   eino_wide_crystal_templ

Skill      XL: |  1  2  3  4  5  6  7 |
---------------+----------------------+-----
Maces & Flails | 3 4 5 6 7 8 |  8.6
Fighting       | |  3.2
Armour         | |  3.2
Shields        | |  3.2

Action                   |  1- 3 |  4- 6 |  7- 9 || total
-------------------------+-------+-------+-------++-------
Melee: Flail             |    72 |       |       ||    72
       Whip              |    36 |   256 |   124 ||   416
Armor: Scale mail        |    57 |    23 |       ||    80
       Chain mail        |       |    96 |    53 ||   149
Dodge: Dodged            |    35 |    46 |     9 ||    90
Block: Kite shield       |    51 |    94 |    39 ||   184

Table legend: (Time is in decaauts)
 A = Elapsed time spent in this place.
 B = Non-inter-level travel time spent in this place.
 C = Inter-level travel time spent in this place.
 D = Time resting spent in this place.
 E = Time spent auto-exploring this place.
 F = Levels seen in this place.
 G = Mean time per level.
                   A        B        C        D        E       F      G
               +--------+--------+--------+--------+--------+-----+--------+
         Total |   4800 |   4459 |    341 |    575 |   2944 |   7 |  685.7 |
       Dungeon |   4623 |   4303 |    320 |    475 |   2897 |   6 |  770.5 |
        Temple |    177 |    156 |     21 |    100 |     47 |   1 |  177.0 |
               +--------+--------+--------+--------+--------+-----+--------+

Top non-repeatable levels by time:
     D:3: 1186 daAuts
     D:2: 1136 daAuts
     D:4: 917 daAuts
     D:1: 659 daAuts
     D:5: 568 daAuts
  Temple: 177 daAuts
     D:6: 155 daAuts
